 Dungeon Crawl Stone Soup version 0.30-a0-728-gc68057be0a (webtiles) character file.

Game seed: 1311594267629298063

105 sircluck the Grave Robber (level 4, -3/32 HPs)
             Began as a Mummy Necromancer on Jan 31, 2023.
             Was a Follower of Makhleb.
             Slain by Grinder (7 damage)
             ... on level 3 of the Dungeon.
             The game lasted 00:07:16 (2117 turns).

sircluck the Grave Robber (Mummy Necromancer)       Turns: 2117, Time: 00:07:17

Health: -3/32      AC:  5    Str: 13    XL:     4   Next: 53%
Magic:  8/8        EV: 11    Int: 14    God:    Makhleb [*.....]
Gold:   109        SH:  0    Dex: 17    Spells: 8/9 levels left

rFire   x . .      SeeInvis .    e - +0 dagger
rCold   + . .      Faith    +    (no shield)
rNeg    + + +      Spirit   .    m - +0 ring mail of Prudence {Dex+5}
rPois   ∞          Reflect  .    (no helmet)
rElec   .          Harm     .    (no cloak)
rCorr   .          Rampage  .    (no gloves)
Will    .....                    (no boots)
Stlth   +                        (no amulet)
HPRegen 0.25/turn                (no ring)
MPRegen 0.11/turn                (no ring)

@: no status effects
A: cold resistance 1, negative energy resistance 3, torment resistance 2, heat
vulnerability 1, in touch with death 1, no potions, faith
a: Renounce Religion


You were on level 3 of the Dungeon.
You worshipped Makhleb.
Makhleb was aware of your devotion.
You visited 1 branch of the dungeon, and saw 3 of its levels.

You collected 109 gold pieces.

Inventory:

Hand Weapons
 d - a +0 short sword
 e - a +0 dagger (weapon)
 n - a +3 hand axe
 o - a +0 rapier
Missiles
 f - 14 stones
 j - 3 javelins
Armour
 a - a +0 robe
 c - a +0 chain mail
 l - the +2 leather armour of Objectivity {-Tele rC++ rCorr}
   (You found it on level 2 of the Dungeon)

   rC:        It greatly protects you from cold.
   -Tele:     It prevents most forms of teleportation.
   rCorr:     It protects you from acid and corrosion.
 m - the +0 ring mail of Prudence (worn) {Dex+5}
   (You found it on level 2 of the Dungeon)

   Dex:       It affects your dexterity (+5).
Magical Staves
 q - a staff of fire
Jewellery
 p - an amulet of faith
Scrolls
 b - 2 scrolls of identify {unknown}
 g - 3 scrolls of teleportation {unknown}
 i - 2 scrolls of fear {unknown}
 k - a scroll of magic mapping {unknown}
Potions
 h - 3 potions of curing {unknown}
 r - a potion of degeneration {unknown}
 s - a potion of cancellation {unknown}


   Skills:
 + Level 1.0 Fighting
 + Level 1.0 Short Blades
 + Level 0.8 Armour
 + Level 2.0 Dodging
 + Level 1.8 Stealth
 + Level 3.3 Spellcasting
 + Level 4.7 Necromancy


You had 8 spell levels left.
You knew the following spells:

 Your Spells              Type           Power      Damage    Failure   Level
a - Necrotise             Necr           92%        1d8       6%          1

Your spell library contained the following spells:

 Spells                   Type           Power      Damage    Failure   Level
 Vampiric Draining        Necr           23%        2d7       19%         3
 Cigotuvi's Dreadful Rot  Necr/Pois/Air  20%        N/A       34%         2
 Animate Dead             Necr           23%        N/A       52%         4
 Poisonous Vapours        Pois/Air       4%         N/A       56%         2
 Mephitic Cloud           Conj/Pois/Air  2%         N/A       80%         3
 Agony                    Necr           23%        N/A       86%         5


Dungeon Overview and Level Annotations

Branches:
Dungeon (3/15)

Altars:
Makhleb
Qazlal

Annotations:
D:3 Grinder


Innate Abilities, Weirdness & Mutations

You are immune to poison.
Your flesh is cold resistant. (rC+)
You are immune to negative energy. (rN+++)
You are immune to unholy pain and torment.
You are vulnerable to heat. (rF-)
You are in touch with the powers of death.
You do not drink.
You have a special connection with the divine. (Faith)


Message History

You can't see any susceptible monsters within range! (Use Z to cast anyway.)
You barely miss Grinder. You hit Grinder.
Grinder is lightly wounded.
Grinder hits you but does no damage.
You hit Grinder.
Grinder is lightly wounded.
Grinder barely misses you.
You closely miss Grinder.
Grinder is lightly wounded.
Grinder hits you but does no damage.
You hit Grinder.
Grinder is moderately wounded.
Grinder zaps a wand.
The bolt of light misses you.
You closely miss Grinder.
Grinder is moderately wounded.
Grinder closely misses you.
You hit Grinder.
Grinder is moderately wounded.
Grinder says, "Mostly I couldn't keep them alive."
Grinder zaps a wand.
The bolt of light hits you.
You hit Grinder but do no damage.
Grinder is moderately wounded.
Grinder gestures at you. You resist with significant effort.
You hit Grinder but do no damage.
Grinder is moderately wounded.
Grinder hits you but does no damage.
You hit Grinder.
Grinder is moderately wounded.
Grinder misses you.
You hit Grinder but do no damage.
Grinder is moderately wounded.
Grinder zaps a wand.
The bolt of light hits you!
* * * LOW HITPOINT WARNING * * *
The now-empty wand crumbles to dust.
You closely miss Grinder.
Grinder is moderately wounded.
Grinder hits you!
You die...

...###########.!..#
........ .....+
######## ....# #
... ######### #'#
#.......# #.#
'.......# #.#
#.......# #5#
#.......## #@#
#.....>..#### #.#
########....# #.#
#....# #.# #....##
#.# #.....# #.#
#.....###.#
#.<.....#.#
#....##...#


You could see Grinder.

Vanquished Creatures
  An orc priest (D:3)
  2 gnolls (D:2)
  An adder (D:2)
  2 dart slugs (D:2)
  3 orcs (D:3)
  An endoplasm (D:1)
  A giant cockroach (D:2)
  6 goblins
  4 hobgoblins
  2 quokkas (D:2)
  A ball python (D:1)
  4 frilled lizards
  4 kobolds
32 creatures vanquished.

Vanquished Creatures (collateral kills)
  A gnoll (D:2)
1 creature vanquished.

Vanquished Creatures (others)
  2 fungi (D:2)
  A plant (D:2)
3 creatures vanquished.

Grand Total: 36 creatures vanquished

Notes
Turn   | Place    | Note
-------+----------+-------------------------------------------
     0 | D:1      | sircluck the Mummy Necromancer began the quest for the Orb.
     0 | D:1      | Reached XP level 1. HP: 13/13 MP: 4/4
   134 | D:1      | You fall into a shaft and drop 1 floor!
   933 | D:2      | Reached XP level 2. HP: 13/19 MP: 5/5
   994 | D:2      | Found a stormy altar of Qazlal.
  1112 | D:2      | Found a faded altar of an unknown god.
  1129 | D:2      | Identified the +2 leather armour of Objectivity {-Tele rC++
                  | rCorr}
  1173 | D:2      | Prayed at the altar of an unknown god.
  1173 | D:2      | Became a worshipper of Makhleb the Destroyer
  1173 | D:2      | Reached * piety under Makhleb
  1226 | D:2      | Gained mutation: You are in touch with the powers of death.
                  | [Mummy growth]
  1226 | D:2      | Reached XP level 3. HP: 23/25 MP: 7/7
  1572 | D:2      | Identified the +0 ring mail of Prudence {Dex+5}
  1844 | D:3      | Reached XP level 4. HP: 21/31 MP: 8/8
  1994 | D:3      | Reached skill level 1 in Fighting
  1994 | D:3      | Reached skill level 1 in Short Blades
  2092 | D:3      | Noticed Grinder
  2117 | D:3      | Slain by Grinder

Illustrated notes

Levels and vault maps discovered:
D:1:      saegor_arrival_simple_e, layout_basic, minmay_statues_item
D:2:      layout_loops_ring, basic_altar, shapermc_ecumenical_altar_acropolis
D:3:      layout_basic, uniq_grinder

Skill      XL: |  1  2  3  4 |
---------------+-------------+-----
Spellcasting   | 3 |  3.3
Fighting       | 1 |  1.0
Short Blades   | 1 |  1.0
Dodging        | 2 |  2.0
Armour         | |  0.8
Stealth        | |  1.8
Necromancy     | |  4.7

Action                     |  1- 3 |  4- 6 || total
---------------------------+-------+-------++-------
  Melee: Unarmed           |    17 |       ||    17
         Dagger            |   113 |    44 ||   157
         Punch             |     1 |       ||     1
   Cast: Necrotise         |    14 |     2 ||    16
   Stab: Sleeping          |     2 |       ||     2
 Armour: Robe              |    13 |       ||    13
         Leather armour    |    15 |       ||    15
         Ring mail         |     2 |    11 ||    13
  Dodge: Dodged            |    95 |    15 ||   110

Table legend: (Time is in decaauts)
 A = Elapsed time spent in this place.
 B = Non-inter-level travel time spent in this place.
 C = Inter-level travel time spent in this place.
 D = Time resting spent in this place.
 E = Time spent auto-exploring this place.
 F = Levels seen in this place.
 G = Mean time per level.
                   A        B        C        D        E       F      G
               +--------+--------+--------+--------+--------+-----+--------+
         Total |   2115 |   2035 |     80 |      0 |    625 |   3 |  705.0 |
       Dungeon |   2115 |   2035 |     80 |      0 |    625 |   3 |  705.0 |
               +--------+--------+--------+--------+--------+-----+--------+

Top non-repeatable levels by time:
     D:2: 941 daAuts
     D:1: 833 daAuts
     D:3: 341 daAuts
